 Dungeon Crawl Stone Soup version 0.23-a0-356-g1757c6e (webtiles) character file.

395 MisterFreud the Scratcher (level 6, 0/25 HPs)
             Began as a Felid Artificer on Oct 21, 2018.
             Was a Follower of Uskayaw.
             Slain by a bullfrog (7 damage)
             ... on level 6 of the Dungeon.
             The game lasted 00:10:30 (5367 turns).

MisterFreud the Scratcher (Felid Artificer)         Turns: 5367, Time: 00:10:31

Health: 0/25       AC:  4    Str: 10    XL:     6   Next: 52%
Magic:  9/9        EV: 18    Int: 12    God:    Uskayaw [*.....]
Gold:   238        SH:  0    Dex: 17    Spells: 5/5 levels left
                                        Lives:  0   Deaths: 1

rFire    . . .     SeeInvis +     - Unarmed
rCold    . . .     Gourm    .   (shield unavailable)
rNeg     . . .     Faith    .   (armour unavailable)
rPois    .         Spirit   .   (helmet unavailable)
rElec    .         Reflect  .   (cloak unavailable)
rCorr    +         Harm     .   (gloves unavailable)
MR       .....                  (boots unavailable)
Stlth    ++++......             (no amulet)
HPRegen  0.08/turn              m - ring of resist corrosion
MPRegen  0.11/turn              r - +2 ring of protection

@: quick
A: very small, no armour, no weapons or thrown items, stealth, claws 1, fangs 3,
see invisible, carnivore, speed 1, shaggy fur 2, slow metabolism 1, sharp paws
a: Stomp, Renounce Religion


You were on level 6 of the Dungeon.
You worshipped Uskayaw.
Uskayaw was noncommittal.
You were very full.

You visited 1 branch of the dungeon, and saw 7 of its levels.

You collected 238 gold pieces.

Inventory:

Jewellery
 m - a ring of resist corrosion (left paw)
 o - an uncursed ring of wizardry
 r - a +2 ring of protection (right paw)
Wands
 b - a wand of enslavement (11)
 c - a wand of random effects (7)
 i - a wand of paralysis (16)
Scrolls
 e - a scroll of blinking {unknown}
 h - 2 scrolls of remove curse
 l - 2 scrolls of teleportation {unknown}
 p - 2 scrolls of amnesia {unknown}
 q - a scroll of immolation {unknown}
 u - a scroll of fear {unknown}
 v - a scroll of identify
Potions
 a - 2 potions of cancellation {unknown}
 f - 2 potions of curing
 g - 2 potions of resistance
 j - a potion of magic
 k - 2 potions of might
 n - 3 potions of lignification
 s - a potion of agility
Comestibles
 d - 8 rations


   Skills:
 - Level 1.0 Fighting
 + Level 2.6 Dodging
 + Level 6.0 Stealth
 + Level 6.2 Unarmed Combat
 + Level 0.0 Invocations
 + Level 3.2 Evocations


You had 5 spell levels left.
You didn't know any spells.
Your spell library was empty.

Dungeon Overview and Level Annotations

Branches:
Dungeon (7/15)             Temple (0/1) D:7

Altars:
Cheibriados
Dithmenos
Elyvilon
Nemelex Xobeh
Okawaru
Sif Muna
Uskayaw
Zin


Innate Abilities, Weirdness & Mutations

You cannot wear armour.
You are incapable of wielding weapons or throwing items.
Your paws allow you to move quietly. (Stealth)
You have sharp claws.
You have razor-sharp teeth.
You have supernaturally acute eyesight. (SInv)
You are carnivorous and can eat meat at any time.
You cover ground quickly.
You are covered in thick fur. (AC +2)
You have a slow metabolism.
Your sharp claws are effective at attacking unaware monsters.


Message History

A bullfrog comes into view. 3 gnolls come into view.
The gnoll shouts!
The bullfrog croaks.
The gnoll misses you.
You hear a shout! x2
The gnoll hits you from afar with a +0 halberd!
The gnoll barely misses you. The bullfrog barely misses you.
An orc wizard comes into view. It is wielding a +0 dagger.
Found 23 stones.
The bullfrog hits you.
You barely miss the bullfrog. Your bite misses the bullfrog.
The bullfrog hits you! x2
* * * LOW HITPOINT WARNING * * *
You scratch the bullfrog.
The bullfrog is moderately wounded.
The bullfrog closely misses you.
Found an iron altar of Okawaru.
You feel better. The bullfrog hits you!
You die...

.###............(.###
.###...#.##.........#
.##....#.#####.##.#.##.#
.##.##.#........$......#
.##.##.####.#####g######
.......## # ##.#
##......# ##.#.#
#.#..#.# #F###..
#......# ##@# ##.#
#####.## #._# # .# ####
#


You could see a bullfrog.

Vanquished Creatures
  2 sky beasts
  An ogre (D:5)
  A scorpion (D:4)
  A hound (D:4)
  An orc wizard (D:4)
  A worker ant (D:4)
  A hound skeleton (D:4)
  3 adders
  A gnoll (D:5)
  2 adder skeletons (D:4)
  4 worms
  6 leopard geckos
  5 orcs
  A ball python (D:4)
  4 giant cockroaches
  10 goblins
  8 hobgoblins
  5 jackals
  4 kobolds
  4 quokkas
  9 bats
  2 frilled lizards
  A leopard gecko zombie (D:5)
  A rat (D:1)
78 creatures vanquished.

Vanquished Creatures (others)
  An ogre (D:5)
  2 hobgoblins (D:2)
3 creatures vanquished.

Grand Total: 81 creatures vanquished

Notes
Turn   | Place    | Note
-------+----------+-------------------------------------------
     0 | D:1      | MisterFreud the Felid Artificer began the quest for the
                  | Orb.
     0 | D:1      | Reached XP level 1. HP: 9/9 MP: 4/4
   109 | D:1      | You fall through a shaft!
   239 | D:1      | Reached XP level 2. HP: 4/12 MP: 5/5
  1228 | D:2      | Reached XP level 3. HP: 9/15 MP: 6/6
  1740 | D:2      | Reached skill level 5 in Stealth
  2178 | D:2      | Found a faded altar of an unknown god.
  2413 | D:3      | Reached XP level 4. HP: 19/19 MP: 7/7
  3268 | D:4      | Found a glowing silver altar of Zin.
  3271 | D:4      | Found a sparkling altar of Nemelex Xobeh.
  3271 | D:4      | Found a shadowy altar of Dithmenos.
  3271 | D:4      | Found a snail-covered altar of Cheibriados.
  3271 | D:4      | Found a deep blue altar of Sif Muna.
  3272 | D:4      | Found a white marble altar of Elyvilon.
  3517 | D:4      | Reached XP level 5. HP: 15/22 MP: 8/8
  3768 | D:4      | Noticed a dagger
  3768 | D:4      | Noticed a hand axe
  3770 | D:4      | Found a hide-covered altar of Uskayaw.
  3777 | D:4      | Became a worshipper of Uskayaw the Reveler
  3787 | D:4      | Reached * piety under Uskayaw
  3906 | D:4      | Gained mutation: You are covered in thick fur. (AC +2)
                  | [Felid growth]
  3906 | D:4      | Reached XP level 6. HP: 25/25 MP: 9/9
  4110 | D:5      | Entered Level 5 of the Dungeon
  4128 | D:5      | HP: 1/25 [gnoll/+0 flail (8)]
  4129 | D:5      | Reached ** piety under Uskayaw
  4425 | D:5      | Noticed a sky beast
  4451 | D:4      | Slain by a sky beast
  4452 | D:4      | Reached XP level 5. HP: -1/22 MP: 8/8
  4479 | D:4      | Killed a sky beast
  4479 | D:4      | Reached skill level 5 in Unarmed Combat
  4498 | D:5      | Killed an ogre
  4498 | D:5      | Reached XP level 6. HP: 11/25 MP: 9/9
  5030 | D:5      | Noticed a sky beast
  5039 | D:5      | Killed a sky beast
  5289 | D:5      | You fall through a shaft for 2 floors!
  5289 | D:7      | Noticed a sky beast
  5365 | D:6      | Found an iron altar of Okawaru.
  5367 | D:6      | Slain by a bullfrog

Vault maps used:
D:1:      dpeg_arrival_chambers_temple_mockup, minmay_ruptured
D:2:      chequers_ecumenical_altar_twisty
D:4:      dancing_weapons_uskayaw, grunt_temple_overflow_open
D:5:      marbit_many_paths, first_ration
D:6:      overflow_temple_1_default, nicolae_benzene_ring
D:7:      minmay_temple_entry_trees

Skill      XL: |  1  2  3  4  5  6 |
---------------+-------------------+-----
Stealth        | 3 4 5 6 |  6.0
Unarmed Combat | 3 5 6 |  6.2
Fighting       | |  1.0
Dodging        | |  2.6
Evocations     | |  3.2

Action                   |  1- 3 |  4- 6 || total
-------------------------+-------+-------++-------
Melee: Unarmed           |   119 |   122 ||   241
       Bite              |     8 |     9 ||    17
       Punch             |     1 |     3 ||     4
Evoke: Wand              |    15 |    12 ||    27
  Use: Scroll            |     7 |     2 ||     9
       Potion            |       |     2 ||     2
 Stab: Sleeping          |    15 |    12 ||    27
       Paralysed         |       |     2 ||     2
       Distracted        |       |     1 ||     1
  Eat: Chunk             |    10 |     8 ||    18
Armor: Skin              |     7 |    13 ||    20
Dodge: Dodged            |   118 |    81 ||   199

Table legend:
 A = Non-vault XP
 B = Vault XP
 C = Vault XP percentage of total XP
 D = Non-vault monster count
 E = Vault monster count
 F = Vault count percentage of total count
                 A         B        C        D         E       F
            +---------+---------+-------+---------+---------+-------
      Total |     753 |       8 |   1.1 |      75 |       4 |   5.1
            +---------+---------+-------+---------+---------+-------
        D:1 |      28 |       8 |  22.2 |      14 |       4 |  22.2
        D:2 |      50 |       0 |   0.0 |      21 |       0 |   0.0
        D:3 |      34 |       0 |   0.0 |      14 |       0 |   0.0
        D:4 |     404 |       0 |   0.0 |      17 |       0 |   0.0
        D:5 |     235 |       0 |   0.0 |       8 |       0 |   0.0
        D:6 |       2 |       0 |   0.0 |       1 |       0 |   0.0
            +---------+---------+-------+---------+---------+-------
